 Dungeon Crawl Stone Soup version 0.26-a0-639-g72c4674329 (webtiles) character file.

Game seed: 7214827229917905770

26321 Flugslaktarn the Cleaver (level 12, -12/120 HPs)
             Began as a Deep Dwarf Fighter on Sept 27, 2020.
             Was a High Priest of Makhleb.
             Killed from afar by a wizard (23 damage)
             ... with a crystal spear
             ... on level 14 of the Dungeon.
             The game lasted 00:06:47 (8502 turns).

Flugslaktarn the Cleaver (Deep Dwarf Fighter)       Turns: 8502, Time: 00:06:48

Health: -12/120    AC: 19    Str: 21    XL:     12   Next: 97%
Magic:  7/7        EV:  3    Int:  9    God:    Makhleb [*****.]
Gold:   323        SH: 17    Dex: 16    Spells: 11/11 levels left

rFire    . . .     SeeInvis .   a - +1 war axe
rCold    + . .     Faith    .   e - +0 tower shield
rNeg     . . .     Spirit   .   i - +0 plate armour
rPois    .         Reflect  .   b - +2 hat
rElec    .         Harm     .   (no cloak)
rCorr    .         Rampage  .   (no gloves)
MR       +....                  y - +2 pair of boots
Stlth    ..........             (no amulet)
HPRegen  0.00/turn              j - +4 ring of slaying
MPRegen  0.10/turn              c - ring of protection from cold

@: non-regenerating
A: damage resistance, heal wounds, sense surroundings 2, no regeneration
a: Heal Wounds, Minor Destruction, Lesser Servant of Makhleb, Major Destruction,
Greater Servant of Makhleb, Renounce Religion


You were on level 14 of the Dungeon.
You worshipped Makhleb.
Makhleb was extremely pleased with you.
You visited 2 branches of the dungeon, and saw 15 of its levels.
You also visited: Ossuary.

You collected 583 gold pieces.
You spent 260 gold pieces at shops.

Inventory:

Hand Weapons
 a - a +1 war axe (weapon)
Missiles
 g - 8 throwing nets (quivered)
Armour
 b - a +2 hat (worn)
   (You took it off Gastronok on level 11 of the Dungeon)
 e - a +0 tower shield (worn)
   (You found it on level 9 of the Dungeon)
 i - a +0 plate armour (worn)
   (You found it on level 5 of the Dungeon)
 s - a +0 helmet
   (You took it off Robin on level 3 of the Dungeon)
 y - a +2 pair of boots (worn)
   (You found it on level 10 of the Dungeon)
 H - a +0 kite shield
Jewellery
 c - a ring of protection from cold (right hand)
   (You found it on level 14 of the Dungeon)
 f - an uncursed ring of protection from fire
   (You found it on level 11 of the Dungeon)
 j - a +4 ring of slaying (left hand)
   (You acquired it on level 8 of the Dungeon)
Wands
 r - a wand of iceblast (11)
   (You found it on level 13 of the Dungeon)
 v - a wand of acid (10)
   (You found it on level 5 of the Dungeon)
 D - a wand of enslavement (4)
   (You found it on level 11 of the Dungeon)
Scrolls
 m - 4 scrolls of immolation
 o - 2 scrolls of enchant weapon
 p - 2 scrolls of enchant armour
 t - 5 scrolls of teleportation
 x - 6 scrolls of remove curse
 z - a scroll of blinking
 A - 2 scrolls of magic mapping
 E - a scroll of fear
Potions
 d - a potion of might
 h - 3 potions of haste
 k - a potion of ambrosia
 l - a potion of magic
 n - a potion of resistance
 q - 3 potions of curing
 u - 2 potions of mutation
 w - 2 potions of heal wounds
 B - 5 potions of lignification
 C - 6 potions of flight
 G - 2 potions of cancellation
Miscellaneous
 F - a condenser vane (2/2)
   (You bought it in a shop on level 11 of the Dungeon)


   Skills:
 * Level 11.0 Fighting
 * Level 12.7 Axes
 + Level 9.6 Armour
 + Level 9.7 Shields
 + Level 9.4 Invocations
 + Level 7.4 Evocations


You had 11 spell levels left.
You didn't know any spells.
Your spell library was empty.

Dungeon Overview and Level Annotations

Branches:
Dungeon (14/15)            Temple (1/1) D:5            Lair (0/6) D:8
    Orc (0/2) D:9         Ossuary (visited)
 Vaults: D:13-14

Altars:
Ashenzari
Cheibriados
Dithmenos
Elyvilon
Fedhas
Gozag
Hepliaklqana
Kikubaaqudgha
Makhleb
Nemelex Xobeh
Okawaru
Qazlal
Ru
Sif Muna
Trog
Uskayaw
Wu Jian
Xom
Yredelemnul
Zin
The Shining One

Shops:
D:7 *   D:10 (   D:11 }   D:12 (

Portals:
Trove: D:11 (give +4 ice dragon scales)

Annotations:
D:13 exclusion: 2 oklob plants


Innate Abilities, Weirdness & Mutations

You are resistant to damage.
You can heal yourself by infusing magical energy.
You passively map the area around you.
You do not regenerate.


Message History

You are too injured to fight recklessly!
You are too injured to fight recklessly!
You are too injured to fight recklessly!
You feel much better. You block the wizard's attack.
You block the orc's attack.
The orc priest mumbles some strange prayers to Beogh against you.
You easily resist.
The wizard hits you but does no damage. You block the orc warrior's attack.
You block the orc's attack.
The orc priest casts a cantrip, but nothing happens.
You see here an arrow.
You feel much better. You block the wizard's attack.
You block the orc's attack. The wizard casts a spell at you.
The crystal spear hits you!!!
* * * LOW HITPOINT WARNING * * *
You are too injured to fight recklessly!
The wizard gestures at you while chanting.
The crystal spear hits you!!
You die...

.# ♣......, * ####'######
## ....... ,* #...# ####
*..... ####.##### .#.# *
♣...* * #........# .#.#
♣♣..)♣♣ #........# .#.# *
♣♣....(♣♣♣ #........#
.#.#>* #.....op.#
###........# ...#,
.'.....oo.####........>.#
####
##......o.@....#........#
...#
#........######........#
.#.# ##########
########## ...# ####


You could see a wizard (fast), an orc warrior, an orc priest and 2 orcs.

Vanquished Creatures
  Gastronok (D:11)
  Harold (D:7)
  Fannar (D:10)
  2 centaur warriors
  5 two-headed ogres
  Nergalle (D:10)
  An unseen horror (D:13)
  9 ugly things
  A cyclops (D:14)
  4 manticores
  A deep elf mage (D:13)
  7 trolls
  2 polar bears (D:13)
  2 hippogriffs
  A spriggan (D:9)
  A shadow (D:13)
  9 yaks
  A wyvern (D:13)
  2 wraiths
  A yak (shapeshifter) (D:13)
  A golden eye (shapeshifter) (D:13)
  2 steam dragons (D:5)
  2 acid dragons
  A water moccasin (D:5)
  An eye of draining (D:9)
  3 orc warriors
  4 ice beasts
  4 sky beasts
  A necrophage (D:8)
  3 phantoms
  A black bear (D:11)
  4 ogres
  7 centaurs
  7 bullfrogs
  2 scorpions
  14 killer bees
  A water moccasin skeleton (D:7)
  9 wights
  10 howler monkeys
  2 bullfrog zombies
  2 centaur zombies
  A bullfrog skeleton (D:6)
  2 human zombies (Ossuary)
  5 orc priests
  9 hounds
  8 jellies
  A gnoll shaman (D:5)
  17 orc wizards
  2 centaur skeletons
  3 iguanas
  Terence (D:3)
  6 worker ants
  A big kobold zombie (Ossuary)
  A hound skeleton (D:4)
  6 mummies (Ossuary)
  2 howler monkey zombies
  2 worker ant zombies
  Robin (D:3)
  3 gnolls (D:5)
  12 adders
  3 shadow imps
  An ooze (D:7)
  2 ufetubi
  An adder zombie (D:5)
  2 adder skeletons (D:6)
  2 worms (D:2)
  2 dart slugs
  4 leopard geckos
  28 orcs
  7 giant cockroaches
  7 goblins
  4 hobgoblins
  8 jackals
  5 quokkas
  8 bats
  3 frilled lizards
  A goblin zombie (Ossuary)
  A hobgoblin zombie (Ossuary)
  6 kobolds (D:2)
  A kobold zombie (Ossuary)
  2 orc zombies (Ossuary)
  6 rats
321 creatures vanquished.

Vanquished Creatures (collateral kills)
  A hydra (D:14)
1 creature vanquished.

Vanquished Creatures (others)
  2 orc wizards (D:7)
  4 fungi (D:5)
6 creatures vanquished.

Grand Total: 328 creatures vanquished

Notes
Turn   | Place    | Note
-------+----------+-------------------------------------------
     0 | D:1      | Flugslaktarn the Deep Dwarf Fighter began the quest for the
                  | Orb.
     0 | D:1      | Reached XP level 1. HP: 20/20 MP: 1/1
    65 | D:2      | Reached XP level 2. HP: 24/27 MP: 2/2
   181 | D:2      | Reached XP level 3. HP: 34/34 MP: 3/3
   298 | D:2      | Reached skill level 3 in Axes
   530 | D:3      | Reached XP level 4. HP: 18/42 MP: 4/4
   560 | D:3      | Noticed Robin
   569 | D:3      | Killed Robin
   574 | D:3      | Reached XP level 5. HP: 41/50 MP: 5/5
   633 | D:3      | Noticed Terence
   640 | D:3      | Killed Terence
   682 | D:4      | Reached skill level 4 in Axes
   749 | D:4      | Reached XP level 6. HP: 47/57 MP: 6/6
  1366 | D:5      | Entered Level 5 of the Dungeon
  1386 | D:5      | Noticed a water moccasin
  1410 | D:5      | Killed a water moccasin
  1410 | D:5      | Reached skill level 5 in Axes
  1609 | D:6      | Reached XP level 7. HP: 45/66 MP: 6/6
  1729 | D:6      | Reached skill level 5 in Fighting
  1807 | D:6      | Reached skill level 5 in Shields
  1845 | D:5      | Reached skill level 6 in Axes
  1845 | D:5      | Reached skill level 5 in Armour
  1905 | D:5      | Reached XP level 8. HP: 45/75 MP: 7/7
  2051 | D:5      | Found a staircase to the Ecumenical Temple.
  2061 | Temple   | Entered the Ecumenical Temple
  2125 | Temple   | Became a worshipper of Makhleb the Destroyer
  2264 | D:5      | Reached skill level 1 in Invocations
  2674 | D:6      | Reached skill level 7 in Axes
  2900 | D:7      | Noticed a hippogriff
  2912 | D:7      | Killed a hippogriff
  2963 | D:7      | Found Yxtecih's General Store.
  3006 | D:7      | Noticed Harold
  3045 | D:7      | Killed Harold
  3045 | D:7      | Reached skill level 8 in Axes
  3045 | D:7      | Gained mutation: You passively map the area around you.
                  | [Deep Dwarf growth]
  3045 | D:7      | Reached XP level 9. HP: 51/86 MP: 6/6
  3149 | D:7      | You fall into a shaft and drop 1 floor!
  3149 | D:8      | Found a staircase to the Lair.
  3183 | D:8      | Identified a scroll of acquirement
  3183 | D:8      | Acquired a +4 ring of slaying
  3253 | D:8      | Found a sand-covered staircase.
  3381 | Ossuary  | Entered an ossuary
  3454 | Ossuary  | Reached * piety under Makhleb
  3800 | D:8      | Noticed a two-headed ogre
  3809 | D:8      | Killed a two-headed ogre
  3809 | D:8      | Reached skill level 9 in Axes
  3810 | D:8      | Reached skill level 5 in Invocations
  3819 | D:8      | Reached XP level 10. HP: 89/95 MP: 4/4
  4069 | D:8      | Noticed a two-headed ogre
  4080 | D:8      | Killed a two-headed ogre
  4252 | D:9      | Reached skill level 1 in Evocations
  4329 | D:9      | Found a staircase to the Orcish Mines.
  4503 | D:9      | Reached ** piety under Makhleb
  4996 | D:10     | Entered Level 10 of the Dungeon
  5029 | D:10     | Found Atheokh's Weapon Shop.
  5030 | D:10     | Noticed a two-headed ogre
  5038 | D:10     | Killed a two-headed ogre
  5038 | D:10     | Reached skill level 10 in Axes
  5093 | D:10     | Noticed Fannar
  5113 | D:10     | Killed Fannar
  5195 | D:10     | Noticed Nergalle
  5219 | D:10     | Reached XP level 11. HP: 65/106 MP: 4/4
  5222 | D:10     | Killed Nergalle
  5245 | D:10     | Found a white marble altar of Elyvilon.
  5694 | D:11     | Noticed Gastronok
  5715 | D:11     | Killed Gastronok
  5752 | D:11     | Reached skill level 11 in Axes
  5793 | D:11     | Reached *** piety under Makhleb
  5812 | D:11     | Found Pedditwuhes's Gadget Shop.
  5820 | D:11     | Bought a condenser vane (2/2) for 260 gold pieces
  5905 | D:11     | Noticed a white ugly thing
  5919 | D:11     | Killed a white ugly thing
  5919 | D:11     | Reached skill level 5 in Evocations
  6297 | D:11     | Noticed a two-headed ogre
  6311 | D:11     | Killed a two-headed ogre
  6512 | D:11     | Found a portal to a secret trove of treasure.
  6705 | D:12     | Found Zick's Antique Weapon Shop.
  6715 | D:12     | Reached skill level 10 in Fighting
  6882 | D:12     | Reached XP level 12. HP: 116/116 MP: 6/6
  7103 | D:12     | Reached **** piety under Makhleb
  7421 | D:13     | Noticed a two-headed ogre
  7445 | D:13     | Killed a two-headed ogre
  7536 | D:13     | Reached skill level 12 in Axes
  7566 | D:13     | Noticed a centaur warrior
  7580 | D:13     | Killed a centaur warrior
  7859 | D:13     | Found a bloodstained altar of Trog.
  7920 | D:13     | Found a blossoming altar of Fedhas.
  8136 | D:14     | Reached ***** piety under Makhleb
  8347 | D:14     | Noticed a seven-headed hydra
  8359 | D:14     | Killed a 13-headed hydra
  8485 | D:14     | Noticed a centaur warrior
  8487 | D:14     | Found a blossoming altar of Fedhas.
  8494 | D:14     | Killed a centaur warrior
  8502 | D:14     | Killed from afar by a wizard

Illustrated notes

Levels and vault maps discovered:
D:1:      lightli_arrival_chessboard, layout_loops_cross, st_stairs_5
D:2:      wad_crossroads, layout_basic, cheibriados_altar_1
D:3:      layout_loops_corners, marbit_many_paths, lemuel_tele_altar,
          uniq_robin, uniq_terence
D:4:      wander_river, layout_cave_pods
D:5:      kennysheep_steamy, layout_basic,
          minmay_temple_entry_statues_fountains, hex_large,
          minmay_stone_trees_small
D:6:      layout_basic, interstate_on_off
D:7:      layout_cave_pods, serial_shops, kennysheep_mini, uniq_harold,
          uniq_joseph
D:8:      layout_loops_corners, dpeg_oklobed_lair, nicolae_ossuary_entry_ruins,
          st_stairs_11
D:9:      layout_loops_corners, orc_0_dummy, the_bakery
D:10:     layout_basic, serial_shops, shop, elyvilon_altar_5, uniq_nergalle,
          uniq_fannar
D:11:     layout_stronghold, serial_shops, shop, enter_trove_1, uniq_gastronok
D:12:     layout_irregular_city, serial_shops, shop,
          nicolae_straight_to_the_point
D:13:     layout_roguey, hangedman_tree_tricks, roderic_batcave,
          trog_ov_bears_minmay
D:14:     layout_roguey, grunt_vaults_entry_tiered, corexii_leaking_fountain,
          fedhas_altar_fruit_tree, uniq_agnes
Temple:   dpeg_three_leaves_temple

Skill      XL: |  1  2  3  4  5  6  7  8  9 10 11 12 |
---------------+-------------------------------------+-----
Fighting       | 3 4 5 7 9 10 11 | 11.0
Axes           | 3 4 5 6 8 9 10 11 12 | 12.7
Shields        | 4 5 6 7 8 9 |  9.7
Armour         | 4 5 6 7 8 9 |  9.6
Invocations    | 3 5 6 8 9 |  9.4
Evocations     | 3 5 7 |  7.4

Action                   |  1- 3 |  4- 6 |  7- 9 | 10-12 || total
-------------------------+-------+-------+-------+-------++-------
Melee: War axe           |    87 |   158 |   327 |   712 ||  1284
Invok: Lesser Servant of |       |       |       |     2 ||     2
 Abil: Heal Wounds       |     1 |     5 |    21 |    22 ||    49
Evoke: Wand              |       |       |       |    10 ||    10
       Condenser vane    |       |       |       |     1 ||     1
  Use: Scroll            |       |       |    14 |    13 ||    27
       Potion            |       |       |     1 |     2 ||     3
 Stab: Distracted        |       |       |       |     1 ||     1
Armor: Scale mail        |    45 |    78 |    68 |       ||   191
       Plate armour      |       |       |   101 |   488 ||   589
       Skin              |       |       |    34 |       ||    34
Dodge: Dodged            |    28 |    59 |    79 |    66 ||   232
Block: Kite shield       |    45 |    82 |   177 |    26 ||   330
       Tower shield      |       |       |       |   646 ||   646

Table legend: (Time is in decaauts)
 A = Elapsed time spent in this place.
 B = Non-inter-level travel time spent in this place.
 C = Inter-level travel time spent in this place.
 D = Time resting spent in this place.
 E = Time spent auto-exploring this place.
 F = Levels seen in this place.
 G = Mean time per level.
                   A        B        C        D        E       F      G
               +--------+--------+--------+--------+--------+-----+--------+
         Total |   8729 |   8360 |    369 |     33 |   5846 |  16 |  545.6 |
       Dungeon |   8437 |   8080 |    357 |     33 |   5677 |  14 |  602.6 |
        Temple |     77 |     65 |     12 |      0 |     55 |   1 |   77.0 |
       Ossuary |    214 |    214 |      0 |      0 |    114 |   1 |  214.0 |
               +--------+--------+--------+--------+--------+-----+--------+

Top non-repeatable levels by time:
    D:11: 895 daAuts
     D:9: 833 daAuts
     D:8: 825 daAuts
    D:12: 796 daAuts
     D:5: 787 daAuts
    D:13: 780 daAuts
     D:4: 747 daAuts
    D:10: 658 daAuts
     D:6: 642 daAuts
     D:2: 432 daAuts
    D:14: 393 daAuts
     D:7: 351 daAuts
     D:3: 227 daAuts
 Ossuary: 214 daAuts
  Temple: 77 daAuts
